AoeStats
← gnitaek

Arena

508959424Analyzed
2v2 RM · 7d ago on Sep 24, 2026· 41m 36s· 4 players
Game mode
Random Map
Map size
Medium (4 player)
Population
200
Speed
Normal
Resources
Standard
Victory
Conquest
Starting age
Dark Age
Ending age
Imperial Age
RankedLock teamsTeams togetherTeam positionsShared explorationLock speedFull tech treeHidden civsTurbo modeCheats
Victory
Defeat
🇨🇭 Varangians · Switzerland
1278
+14
🇨🇭 Saxons · Switzerland
1278
+14
🇮🇪 Saxons · Ireland
1246
-14
🇮🇪 Burgundians · Ireland
1244
-14
berserker-latko
9:33 Feudal Age
13:39 Castle Age
11:35 Double-Bit Axe
12:45 Horse Collar
14:47 Bow Saw
19:51 Wheelbarrow
19:05 Loom
22:37 Heavy Plow
22:45 Scale Mail Armor
22:55 Forging
24:06 Sanctity
24:21 Chain Mail Armor
24:34 Town Watch
24:58 Gambesons
25:14 Squires
28:16 Iron Casting
28:23 Arson
32:05 Imperial Age
34:27 Fletching
35:10 Plate Mail Armor
34:38 Shield Wall
37:17 Heavy Scorpion
39:51 Bodkin Arrow
41:04 Man-at-Arms
gnitaek
4:05 Double-Bit Axe
9:03 Horse Collar
11:03 Feudal Age
11:44 Loom
15:00 Castle Age
14:37 Bow Saw
15:36 Heavy Plow
15:29 Light Cavalry
17:23 Forging
20:27 Wheelbarrow
21:31 Sanctity
22:55 Hand Cart
23:13 Cavalier
33:46 Imperial Age
32:45 Scale Barding Armor
33:15 Iron Casting
34:07 Paladin
36:00 Chain Barding Armor
38:43 Blast Furnace
40:12 Plate Barding Armor
39:58 Capped Ram
BETTERGETLOOM
10:53 Feudal Age
12:10 Loom
14:57 Castle Age
13:17 Double-Bit Axe
13:23 Horse Collar
17:16 Bow Saw
22:13 Wheelbarrow
22:18 Heavy Plow
23:55 Stone Mining
24:01 Gold Mining
27:09 Hand Cart
29:43 Imperial Age
27:41 Town Watch
27:49 Fletching
27:59 Padded Archer Armor
28:48 Gold Shaft Mining
29:20 Ballistics
28:57 Bodkin Arrow
29:50 Heavy Mounted Crossbowman
30:41 Bracer
31:44 Chemistry
33:04 Two-Man Saw
31:36 Cranequins
32:40 Conscription
33:18 Thumb Ring
33:45 Squires
33:48 Scale Mail Armor
33:59 Forging
34:52 Chain Mail Armor
34:41 Elite Varangian Guard
35:07 Arson
35:10 Gambesons
35:21 Gambesons
38:05 Plate Mail Armor
38:11 Iron Casting
37:59 Leather Archer Armor
38:08 Guilds
39:37 Siege Engineers
42:22 Ring Archer Armor
Ok Boomer
10:15 Feudal Age
13:48 Castle Age
12:14 Double-Bit Axe
13:19 Horse Collar
13:58 Loom
17:58 Forging
26:07 Husbandry
28:37 Wheelbarrow
29:06 Stone Mining
30:31 Bloodlines
38:11 Hand Cart
41:28 Fletching
44:13 Imperial Age
Connection lost

Rejoining the realm…

Still unreachable

The connection could not be restored.

Session expired

The server has moved on; the page needs a fresh start.